 Dungeon Crawl Stone Soup version 0.30-a0-586-g23e55c9e0a (webtiles) character file.

Game seed: 4146428701470600658

93 NinjaNoafa the Magician (level 4, -3/31 HPs)
             Began as a Djinni Conjurer on Jan 3, 2023.
             Slain by a phantom (6 damage)
             ... on level 4 of the Dungeon.
             The game lasted 00:04:35 (2808 turns).

NinjaNoafa the Magician (Djinni Conjurer)           Turns: 2808, Time: 00:04:36

Health: -3/31      AC:  3    Str:  5 (6)  XL:     4   Next: 92%
Gold:   168        EV: 12    Int: 23 (25) God:
                   SH:  0    Dex: 11 (12)

rFire   + + .      SeeInvis .    (no weapon)
rCold   x . .      Faith    .    (no shield)
rNeg    . . .      Spirit   .    a - +0 robe
rPois   ∞          Reflect  .    (no helmet)
rElec   .          Harm     .    s - +0 cloak of Mental Paralysis {Int+4}
rCorr   .          Rampage  .    (no gloves)
Will    .....                    (boots unavailable)
Stlth   ++                       (no amulet)
HPRegen 0.25/turn                (no ring)
MPRegen 0.00/turn                (no ring)

@: about to teleport, weak-willed, flying
A: sickness immunity, fire resistance 2, cold vulnerability 1, float, innate
caster, HP casting, extra vitality 1
a: no special abilities


You were on level 4 of the Dungeon.
You visited 1 branch of the dungeon, and saw 4 of its levels.

You collected 168 gold pieces.

Inventory:

Hand Weapons
 t - a +1 dagger of flaming
Missiles
 r - 6 poisoned darts
Armour
 a - a +0 robe (worn)
 s - the +0 cloak of Mental Paralysis (worn) {Int+4}
   (You found it on level 3 of the Dungeon)

   Int:       It affects your intelligence (+4).
Scrolls
 f - 2 scrolls of teleportation
 g - 3 scrolls of immolation {unknown}
 i - 3 scrolls of identify {unknown}
 j - a scroll of poison {unknown}
 k - a scroll of noise {unknown}
 l - a scroll of enchant weapon {unknown}
 o - a scroll of magic mapping {unknown}
Potions
 b - 2 potions of degeneration
 c - a potion of curing
 m - a potion of heal wounds {unknown}
 n - a potion of flight {unknown}
 p - a potion of brilliance {unknown}
 q - a potion of lignification


   Skills:
 + Level 3.4 Dodging
 + Level 2.7 Stealth
 + Level 3.7 Spellcasting


You couldn't memorise any spells.
You knew the following spells:

 Your Spells              Type           Power      Damage    Failure   Level
a - Magic Dart            Conj           84%        1d7       2%          1
b - Searing Ray           Conj           42%        2d6       3%          2
c - Dazzling Flash        Conj/Hex       42%        N/A       7%          3
d - Fulminant Prism       Conj/Hex       10%        3d8       22%         4
e - Iskenderun's Mystic   Conj/Tloc      21%        2d6       22%         4
f - Sting                 Tmut/Pois      84%        1d7       2%          1
Your spell library was empty.

Dungeon Overview and Level Annotations

Branches:
Dungeon (4/15)             Temple (0/1) D:4

Altars:
Elyvilon
Okawaru


Innate Abilities, Weirdness & Mutations

You are immune to sickness and miasma.
You are immune to poison.
Your flesh is very heat resistant. (rF++)
You are vulnerable to cold. (rC-)
You float through the air rather than walking.
You learn spells naturally, not from books.
Your magical power is your life essence.
You have superior vitality. (+4 MHP)


Message History

The phantom is heavily damaged.
The phantom hits you.
You closely miss the phantom.
The phantom is heavily damaged.
The phantom completely misses you.
Okay, then.
You hit the phantom but do no damage.
The phantom is heavily damaged.
The phantom hits you but does no damage.
You hit the phantom.
The phantom is severely damaged.
The phantom hits you but does no damage.
You hit the phantom.
The phantom is almost destroyed.
The phantom hits you.
* * * LOW HITPOINT WARNING * * *
You feel better.
The phantom hits you but does no damage.
It was a potion of cancellation.
Your magical effects are unravelling.
You feel magically purged.
Your magical contamination has completely faded away.
You feel less wooden.
The +0 cloak of Mental Paralysis {Int+4} unmelds from your body.
Your +0 robe unmelds from your body.
The phantom hits you.
* * * LOW HITPOINT WARNING * * *
The phantom blinks!
You blink.
Found a mace.
Found a staircase to the Ecumenical Temple.
As you read the scroll labelled XEFIN URUTH, it crumbles to dust.
Magic quickly surges around you.
It was a scroll of vulnerability.
The phantom hits you.
* * * LOW HITPOINT WARNING * * *
As you read the scroll labelled ROITEF KO RUAW, it crumbles to dust.
You feel strangely unstable.
It was a scroll of teleportation.
The phantom hits you.
* * * LOW HITPOINT WARNING * * *
The phantom blinks!
You blink.
The phantom closely misses you. The phantom attacks as you move away!
The phantom hits you.
You die...

##.#..#.###......# ......
##.#..#.# #......# .....
.....#.# ####.### ##....
#....#.# ####.... .#.....
#...... #....... .......
#...# #..#.#.. #.... #...#
#..#....
#....######..!#####..#.#..
#..§..w@...........#....
..........W.................
>..⌠.................######.
..)....####.#...#.#### .
..###.. #.#...#.# ⌠ ...#
#.#...#.# ... #.#...#.# ....
#.#...#.# ... ..


You could see a phantom (weak-willed) and a dart slug (weak-willed).

Vanquished Creatures
  Jessica (D:3)
  An adder (D:2)
  2 worms
  5 endoplasms
  4 giant cockroaches
  9 hobgoblins
  7 jackals (D:1)
  2 quokkas
  5 ball pythons
  5 bats
  2 frilled lizards (D:1)
  3 goblins
  A kobold (D:2)
  A rat (D:1)
48 creatures vanquished.

Notes
Turn   | Place    | Note
-------+----------+-------------------------------------------
     0 | D:1      | NinjaNoafa the Djinni Conjurer began the quest for the Orb.
     0 | D:1      | NinjaNoafa set off with the following spells memorised:
                  | Magic Dart, Searing Ray, Dazzling Flash, Fulminant Prism,
                  | Iskenderun's Mystic Blast.
     0 | D:1      | Reached XP level 1. HP: 15/15 MP: 0/0
   125 | D:1      | Reached XP level 2. HP: 12/21 MP: 0/0
   503 | D:1      | Reached XP level 3. HP: 22/25 MP: 0/0
   503 | D:1      | Learned a level 1 spell: Sting
  1524 | D:2      | Reached XP level 4. HP: 25/31 MP: 0/0
  1854 | D:3      | Found an iron altar of Okawaru.
  1876 | D:3      | Found a white marble altar of Elyvilon.
  2295 | D:3      | Noticed Jessica
  2302 | D:3      | Killed Jessica
  2458 | D:3      | Identified the +0 cloak of Mental Paralysis {Int+4}
  2783 | D:4      | Noticed a phantom
  2804 | D:4      | Found a staircase to the Ecumenical Temple.
  2808 | D:4      | Slain by a phantom

Illustrated notes

Levels and vault maps discovered:
D:1:      ebering_trefoil_3fold, layout_basic
D:2:      layout_basic
D:3:      layout_basic, okawaru_trees_2, elyvilon_altar_1, uniq_jessica
D:4:      layout_loops_cross, minmay_temple_entry_junction_2,
          chequers_serial_rivers_micro_c

Skill      XL: |  1  2  3 |
---------------+----------+-----
Stealth        | 2 |  2.7
Dodging        | 3 |  3.4
Spellcasting   | |  3.7

Action                   |  1- 3 |  4- 6 || total
-------------------------+-------+-------++-------
Melee: Falchion          |     5 |     2 ||     7
       Unarmed           |       |     6 ||     6
 Cast: Magic Dart        |    62 |    22 ||    84
       Sting             |     9 |     6 ||    15
       Searing Ray       |       |     3 ||     3
       Dazzling Flash    |       |     1 ||     1
  Use: Potion            |       |     6 ||     6
       Scroll            |       |     2 ||     2
Armor: Robe              |     2 |     4 ||     6
       Skin              |       |     5 ||     5
Dodge: Dodged            |     4 |     4 ||     8

Table legend: (Time is in decaauts)
 A = Elapsed time spent in this place.
 B = Non-inter-level travel time spent in this place.
 C = Inter-level travel time spent in this place.
 D = Time resting spent in this place.
 E = Time spent auto-exploring this place.
 F = Levels seen in this place.
 G = Mean time per level.
                   A        B        C        D        E       F      G
               +--------+--------+--------+--------+--------+-----+--------+
         Total |   2809 |   2607 |    202 |      0 |   2299 |   4 |  702.2 |
       Dungeon |   2809 |   2607 |    202 |      0 |   2299 |   4 |  702.2 |
               +--------+--------+--------+--------+--------+-----+--------+

Top non-repeatable levels by time:
     D:1: 998 daAuts
     D:3: 872 daAuts
     D:2: 852 daAuts
     D:4: 85 daAuts
